AA CENTRAL
WICHITA WIND SURGE @ TULSA DRILLERS
08/24/2041
 
TOP OF THE 1ST
Wichita Wind Surge batting - Pitching for Tulsa Drillers : RHP José Díaz
Pitching: RHP José Díaz
Batting: RHB Luis Sadoval 0-0: Ground out 4-3 (Groundball, 4, EV 88.1 MPH)
Batting: RHB Héctor Vázquez 0-0: Ball
1-0: Foul Ball, location: 2F
1-1: Ball
2-1: Foul Ball, location: 5FF
2-2: Ball
3-2: Base on Balls
Batting: RHB Mario Martínez 0-0: Ball
1-0: Called Strike
Héctor Vázquez steals 2nd base
1-1: Ball
2-1: Called Strike
2-2: Ball
3-2: Base on Balls
Batting: RHB Jesús Carranza 0-0: Foul Ball, location: 5FF
0-1: Called Strike
0-2: 3-RUN HOME RUN (Flyball, 7D, EV 99.4 MPH), Distance : 375 ft
Batting: RHB Tony Kimball 0-0: Swinging Strike
0-1: Ball
1-1: Swinging Strike
1-2: Ball
2-2: Strikes out swinging
Batting: RHB Jorge Bedevia 0-0: Ball
1-0: Ball
2-0: Ball
3-0: Called Strike
3-1: Foul Ball, location: 3DF
3-2: Strikes out looking
Top of the 1st over - 3 runs, 1 hit, 0 errors, 0 left on base; Wichita 3 - Tulsa 0
BOTTOM OF THE 1ST
Tulsa Drillers batting - Pitching for Wichita Wind Surge : LHP Álex Lugo
Pitching: LHP Álex Lugo
Batting: RHB Alfredo Gutiérrez 0-0: Foul Ball, location: 5FF
0-1: Ball
1-1: Foul Ball, location: 3FF
1-2: Ball
2-2: Strikes out swinging
Batting: LHB Gene Owen 0-0: Ball
1-0: Ball
2-0: SINGLE (Groundball, 4MD, EV 104.4 MPH)
Batting: RHB José Vázquez 0-0: Ball
1-0: Called Strike
1-1: Foul Ball, location: 2F
1-2: Foul Ball, location: 23FF
1-2: Ball
2-2: Fly out, F9 (Flyball, 9LM, EV 99.4 MPH)
Batting: RHB Tim Bi 0-0: Ball
1-0: Called Strike
1-1: Ball
2-1: Foul Ball, location: 9LDF
2-2: Foul Ball, location: 2F
2-2: Strikes out swinging
Bottom of the 1st over - 0 runs, 1 hit, 0 errors, 1 left on base; Wichita 3 - Tulsa 0
TOP OF THE 2ND
Wichita Wind Surge batting - Pitching for Tulsa Drillers : RHP José Díaz
Batting: RHB José Gracía 0-0: Called Strike
0-1: Ball
1-1: Swinging Strike
1-2: Ball
2-2: Ball
3-2: Base on Balls
Batting: SHB Juan López 0-0: Ball
1-0: Foul Ball, location: 2F
1-1: Swinging Strike
1-2: Ball
2-2: Strikes out looking
Batting: RHB Ronnie Willis 0-0: Ball
1-0: Ball
2-0: Ball
3-0: Called Strike
3-1: Foul Ball, location: 3F
3-2: Grounds into double play, 5-4-3 (Groundball, 5, EV 77.5 MPH)
Top of the 2nd over - 0 runs, 0 hits, 0 errors, 0 left on base; Wichita 3 - Tulsa 0
BOTTOM OF THE 2ND
Tulsa Drillers batting - Pitching for Wichita Wind Surge : LHP Álex Lugo
Batting: RHB Aodhán Drinkall 0-0: Called Strike
0-1: Ground out U3 (Groundball, 3S, EV 88.1 MPH)
Batting: LHB Jorge Domínguez 0-0: Called Strike
0-1: Ball
1-1: Foul Ball, location: 5SF
1-2: Strikes out swinging
Batting: RHB Greg Tillett 0-0: Called Strike
0-1: Called Strike
0-2: Ball
1-2: Foul Ball, location: 23FF
1-2: Fly out, F8 (Flyball, 8RD, EV 110.0 MPH)
Bottom of the 2nd over - 0 runs, 0 hits, 0 errors, 0 left on base; Wichita 3 - Tulsa 0
TOP OF THE 3RD
Wichita Wind Surge batting - Pitching for Tulsa Drillers : RHP José Díaz
Batting: RHB Luis Sadoval 0-0: Called Strike
0-1: Fly out, F8 (Flyball, 8LD, EV 106.9 MPH)
Batting: RHB Héctor Vázquez 0-0: Fly out, F8 (Flyball, 89D, EV 110.6 MPH)
Batting: RHB Mario Martínez 0-0: Ball
1-0: Ground out 6-3 (Groundball, 6, EV 88.8 MPH)
Top of the 3rd over - 0 runs, 0 hits, 0 errors, 0 left on base; Wichita 3 - Tulsa 0
BOTTOM OF THE 3RD
Tulsa Drillers batting - Pitching for Wichita Wind Surge : LHP Álex Lugo
Batting: LHB Ed Cook 0-0: Ground out U3 (Groundball, 34, EV 100.0 MPH)
Batting: LHB Steve Sanders 0-0: SOLO HOME RUN (Flyball, 89XD, EV 97.5 MPH), Distance : 383 ft
Batting: RHB Alfredo Gutiérrez 0-0: Ground out 6-3 (Groundball, 6, EV 81.3 MPH)
Batting: LHB Gene Owen 0-0: Ball
1-0: Ball
2-0: Foul Ball, location: 5F
2-1: Ball
3-1: Base on Balls
Batting: RHB José Vázquez 0-0: Fielders Choice at 2nd, 5-4 (Groundball, 56, EV 85.6 MPH)
Bottom of the 3rd over - 1 run, 1 hit, 0 errors, 1 left on base; Wichita 3 - Tulsa 1
TOP OF THE 4TH
Wichita Wind Surge batting - Pitching for Tulsa Drillers : RHP José Díaz
Batting: RHB Jesús Carranza 0-0: Swinging Strike
0-1: Ball
1-1: Ball
2-1: Ground out U3 (Groundball, 34, EV 100.6 MPH)
Batting: RHB Tony Kimball 0-0: Ball
1-0: Called Strike
1-1: Ball
2-1: Fly out, F8 (Flyball, 89M, EV 79.4 MPH)
Batting: RHB Jorge Bedevia 0-0: Ball
1-0: Ball
2-0: Called Strike
2-1: Foul Ball, location: 2F
2-2: Foul Ball, location: 25FF
2-2: Ball
3-2: Strikes out swinging
Top of the 4th over - 0 runs, 0 hits, 0 errors, 0 left on base; Wichita 3 - Tulsa 1
BOTTOM OF THE 4TH
Tulsa Drillers batting - Pitching for Wichita Wind Surge : LHP Álex Lugo
Batting: RHB Tim Bi 0-0: Swinging Strike
0-1: Called Strike
0-2: Foul Ball, location: 5F
0-2: Strikes out looking
Batting: RHB Aodhán Drinkall 0-0: Ball
1-0: Ball
2-0: Foul Ball, location: 2F
2-1: Called Strike
2-2: Foul Ball, location: 9LMF
2-2: DOUBLE (Line Drive, 89M, EV 95.6 MPH)
Batting: LHB Jorge Domínguez 0-0: Called Strike
0-1: Ball
Wild Pitch!
Aodhán Drinkall to third
1-1: Foul Ball, location: 25FF
1-2: Ball
2-2: TRIPLE (Line Drive, 8LXD, EV 109.4 MPH)
Aodhán Drinkall scores
Batting: RHB Greg Tillett 0-0: Ball
1-0: Ball
2-0: Ball
3-0: Base on Balls
Batting: LHB Ed Cook 0-0: Ball
1-0: Foul Ball, location: 2F
1-1: Ball
2-1: Foul Ball, location: 5F
2-2: Fly out, F9 (Flyball, 89S, EV 93.8 MPH)
Batting: LHB Steve Sanders 0-0: Hit by Pitch
Greg Tillett to second
Batting: RHB Alfredo Gutiérrez 0-0: Foul Ball, location: 9LMF
0-1: Foul Ball, location: 2F
0-2: Ball
1-2: Strikes out swinging
Bottom of the 4th over - 1 run, 2 hits, 0 errors, 3 left on base; Wichita 3 - Tulsa 2
TOP OF THE 5TH
Wichita Wind Surge batting - Pitching for Tulsa Drillers : RHP José Díaz
Batting: RHB José Gracía 0-0: Ball
1-0: Ball
2-0: Ball
3-0: Called Strike
3-1: Base on Balls
Batting: SHB Juan López 0-0: Called Strike
0-1: Ball
1-1: Bunt - Flyout to 13! F1
Batting: RHB Ronnie Willis 0-0: Swinging Strike
0-1: Foul Ball, location: 25FF
0-2: DOUBLE (Flyball, 78XD, EV 101.3 MPH)
José Gracía to third
Batting: RHB Luis Sadoval 0-0: Called Strike
0-1: Foul Ball, location: 2F
0-2: Fly out, F5 (Popup, 25F, EV 88.1 MPH)
Batting: RHB Héctor Vázquez 0-0: Foul Ball, location: 9LDF
0-1: Fly out, F7 (Flyball, 78S, EV 78.1 MPH)
Top of the 5th over - 0 runs, 1 hit, 0 errors, 2 left on base; Wichita 3 - Tulsa 2
BOTTOM OF THE 5TH
Tulsa Drillers batting - Pitching for Wichita Wind Surge : LHP Álex Lugo
Batting: LHB Gene Owen 0-0: Ball
1-0: Ground out U3 (Groundball, 34, EV 81.9 MPH)
Batting: RHB José Vázquez 0-0: Ball
1-0: Fly out, F8 (Flyball, 8LM, EV 92.5 MPH)
Batting: RHB Tim Bi 0-0: Ball
1-0: Foul Ball, location: 7LMF
1-1: Foul Ball, location: 5FF
1-2: Ball
2-2: Ground out 6-3 (Groundball, 6, EV 88.1 MPH)
Bottom of the 5th over - 0 runs, 0 hits, 0 errors, 0 left on base; Wichita 3 - Tulsa 2
TOP OF THE 6TH
Wichita Wind Surge batting - Pitching for Tulsa Drillers : RHP José Díaz
Batting: RHB Mario Martínez 0-0: Ball
1-0: Ball
2-0: Foul Ball, location: 23FF
2-1: Ball
3-1: DOUBLE (Flyball, 8RXD, EV 98.8 MPH)
Batting: RHB Jesús Carranza 0-0: Ball
1-0: Fly out, F3 (Popup, 23F, EV 92.5 MPH)
Batting: RHB Tony Kimball 0-0: Called Strike
0-1: Swinging Strike
0-2: Strikes out swinging
Batting: RHB Jorge Bedevia 0-0: Ball
1-0: Ball
2-0: Ball
3-0: Base on Balls
Pitching: RHP Jesús Coronado
Batting: RHB José Gracía 0-0: Called Strike
0-1: Ball
1-1: Foul Ball, location: 2RF
1-2: Strikes out swinging
Top of the 6th over - 0 runs, 1 hit, 0 errors, 2 left on base; Wichita 3 - Tulsa 2
BOTTOM OF THE 6TH
Tulsa Drillers batting - Pitching for Wichita Wind Surge : LHP Álex Lugo
Batting: RHB Aodhán Drinkall 0-0: Ground out 5-3 (Groundball, 56, EV 89.4 MPH)
Batting: LHB Jorge Domínguez 0-0: Called Strike
0-1: Called Strike
0-2: Strikes out looking
Batting: RHB Greg Tillett 0-0: Ball
1-0: Called Strike
1-1: Foul Ball, location: 7LSF
1-2: Ball
2-2: Strikes out swinging
Bottom of the 6th over - 0 runs, 0 hits, 0 errors, 0 left on base; Wichita 3 - Tulsa 2
TOP OF THE 7TH
Wichita Wind Surge batting - Pitching for Tulsa Drillers : RHP Jesús Coronado
Batting: SHB Juan López 0-0: Foul Ball, location: 2F
0-1: Ball
1-1: Ball
2-1: Ball
3-1: Base on Balls
Batting: RHB Ronnie Willis 0-0: Ball
1-0: Sac Bunt to 3S - play at first, batter OUT! 3-1
Juan López to second
Batting: RHB Luis Sadoval 0-0: Ball
1-0: Ball
2-0: SINGLE (Line Drive, 89S, EV 108.8 MPH)
Juan López to third
Runner from 3rd tries for Home, SAFE, throw by CF to home
Batting: RHB Héctor Vázquez 0-0: Ball
1-0: Ball
2-0: Called Strike
2-1: Grounds into double play, 5-4-3 (Groundball, 56, EV 78.8 MPH)
Top of the 7th over - 1 run, 1 hit, 0 errors, 0 left on base; Wichita 4 - Tulsa 2
BOTTOM OF THE 7TH
Tulsa Drillers batting - Pitching for Wichita Wind Surge : LHP Álex Lugo
Batting: LHB Ed Cook 0-0: Called Strike
0-1: Ground out 4-3 (Groundball, 34, EV 86.9 MPH)
Batting: LHB Steve Sanders 0-0: Ball
1-0: Called Strike
1-1: Ground out 5-3 (Groundball, 56S, EV 76.9 MPH)
Batting: RHB Alfredo Gutiérrez 0-0: Foul Ball, location: 9LMF
0-1: Swinging Strike
0-2: Foul Ball, location: 9LSF
0-2: Ball
1-2: Ball
2-2: Strikes out swinging
Bottom of the 7th over - 0 runs, 0 hits, 0 errors, 0 left on base; Wichita 4 - Tulsa 2
TOP OF THE 8TH
Wichita Wind Surge batting - Pitching for Tulsa Drillers : RHP Jesús Coronado
Batting: RHB Mario Martínez 0-0: Ball
1-0: Called Strike
1-1: Called Strike
1-2: Ball
2-2: Strikes out swinging
Batting: RHB Jesús Carranza 0-0: Called Strike
0-1: Called Strike
0-2: Ball
1-2: Strikes out swinging
Batting: RHB Tony Kimball 0-0: Swinging Strike
0-1: Ball
1-1: Ball
2-1: Foul Ball, location: 9LDF
2-2: Strikes out swinging
Top of the 8th over - 0 runs, 0 hits, 0 errors, 0 left on base; Wichita 4 - Tulsa 2
BOTTOM OF THE 8TH
Tulsa Drillers batting - Pitching for Wichita Wind Surge : LHP Álex Lugo
Pitching: RHP Juan García
Now at SS: António García
Now in LF: Luis Antonio Rodríguez
Now in CF: Luis Sadoval
Batting: LHB Gene Owen 0-0: Fly out, F5 (Popup, 25F, EV 83.1 MPH)
Batting: RHB José Vázquez 0-0: Ball
1-0: Ball
2-0: Ball
3-0: Called Strike
3-1: Base on Balls
Batting: RHB Tim Bi 0-0: Swinging Strike
0-1: Swinging Strike
0-2: Ball
1-2: Fly out, F9 (Flyball, 9D, EV 90.6 MPH)
Batting: RHB Aodhán Drinkall 0-0: Ball
1-0: SINGLE (Groundball, 6D, EV 101.3 MPH)
José Vázquez to second
Batting: LHB Jorge Domínguez 0-0: Ball
1-0: Foul Ball, location: 7LMF
1-1: Ball
2-1: Ball
3-1: Swinging Strike
3-2: Foul Ball, location: 3F
3-2: Strikes out swinging
Bottom of the 8th over - 0 runs, 1 hit, 0 errors, 2 left on base; Wichita 4 - Tulsa 2
TOP OF THE 9TH
Wichita Wind Surge batting - Pitching for Tulsa Drillers : RHP Jesús Coronado
Batting: LHB Augusto González 0-0: Ball
1-0: DOUBLE (Line Drive, 7LM, EV 105.6 MPH)
Pitching: RHP Brad Osborne
Batting: RHB José Gracía 0-0: Ball
1-0: Called Strike
1-1: Sac Bunt to 13S - play at third, runner OUT! 1-5
Batting: SHB António García 0-0: Called Strike
0-1: Foul Ball, location: 7LDF
0-2: Ball
1-2: Strikes out swinging
Batting: RHB Ronnie Willis 0-0: Foul Ball, location: 23FF
0-1: Called Strike
0-2: Ball
1-2: Strikes out swinging
Top of the 9th over - 0 runs, 1 hit, 0 errors, 1 left on base; Wichita 4 - Tulsa 2
BOTTOM OF THE 9TH
Tulsa Drillers batting - Pitching for Wichita Wind Surge : RHP Juan García
Pitching: RHP Brad Hunter
Batting: RHB Greg Tillett 0-0: Ball
1-0: Swinging Strike
1-1: Foul Ball, location: 9LMF
1-2: Fly out, F8 (Line Drive, 8RM, EV 105.0 MPH)
Batting: LHB Ed Cook 0-0: Foul Ball, location: 5SF
0-1: Called Strike
0-2: Strikes out looking
Batting: LHB Steve Sanders 0-0: Called Strike
0-1: Ball
1-1: Called Strike
1-2: Ball
2-2: SINGLE (Groundball, 4MD, EV 99.4 MPH)
Batting: RHB Alfredo Gutiérrez 0-0: Called Strike
0-1: Ground out 3-1 (Groundball, 34S, EV 59.4 MPH)
Bottom of the 9th over - 0 runs, 1 hit, 0 errors, 1 left on base; Wichita 4 - Tulsa 2
Monday, April 1st , 2024 - OOTP Baseball 24.10 Build 82